Cogmind - Beta 14 @@@ ROGUE MODE // 2024.10.31 @ 22:35:37 Player: VraethrDalkr Result: Destroyed by G-47 Trooper with Particle Gun Performance ------------- Evolutions (2) 1000 Regions Visited (4) 800 Robots Destroyed (46) 230 Value Destroyed (1220) 1220 Prototype IDs (1) 20 Alien Tech Used (0) 0 Bonus (9) 9 TOTAL SCORE: 3279 Bonus ------- High Alert Combat Kills 4 Follower Combat Kills 220 Friendly Fire -215 Cogmind --------- Core Integrity 0/550 Matter 161/300 Energy 63/100 System Corruption 2% Temperature Cool (9) Movement Core (250) Ox4 Location -8/Materials Parts ------- > --- POWER (1) -------- (None) > --- PROPULSION (3) --- (None) > --- UTILITY (5) ------ Improved Heat Sink Medium Storage Unit Improved Targeting Computer > --- WEAPON (2) ------- Particle Cannon > --- INVENTORY (10) --- Light Deuterium Engine Light Nuclear Core Improved Cooling System Medium Storage Unit Peak State ------------ > --- POWER ------------ Improved Ion Engine > --- PROPULSION ------- Wheel Compact Wheel Armored Wheel > --- UTILITY ---------- Improved Heat Sink Improved Cooling System Improved Cooling System Improved Cooling System Medium Storage Unit > --- WEAPON ----------- Beam Rifle Enhanced Autogun > --- INVENTORY -------- Improved Ion Engine Light Nuclear Core Wheel Compact Wheel Medium Storage Unit Particle Gun Particle Cannon Particle Cannon Assault Cannon Assault Cannon [Rating: 30] Favorites ----------- Power Improved Ion Engine Engine Improved Ion Engine Propulsion Compact Wheel Leg Aluminum Leg Wheel Compact Wheel Utility Medium Storage Unit Device Improved Terrain Scanner Storage Medium Storage Unit Processor Improved Targeting Computer Protection Light Armor Plating Weapon Beam Rifle Energy Gun Beam Rifle Energy Cannon Particle Cannon Ballistic Gun Heavy Assault Rifle Ballistic Cannon Assault Cannon Build | -11 -10 -9 -9 -8 ------- Run | Yrd Mat Mat Sto Mat Slots Evolved 4 | . . 2 . 2 Power . | . . . . . Propulsion 1 | . . 1 . . Utility 3 | . . 1 . 2 Weapon . | . . . . . Parts Attached 61 | 8 12 13 8 20 Power 8 | 1 4 1 1 1 Engine 8 | 1 4 1 1 1 Core . | . . . . . Reactor . | . . . . . Propulsion 19 | 2 3 6 3 5 Treads . | . . . . . Leg 1 | . . 1 . . Wheel 18 | 2 3 5 3 5 Hover . | . . . . . Flight . | . . . . . Utility 17 | 3 1 1 3 9 Device 11 | 2 . 1 3 5 Storage 2 | 1 1 . . . Processor 1 | . . . . 1 Hackware . | . . . . . Protection 3 | . . . . 3 Artifact . | . . . . . Weapon 17 | 2 4 5 1 5 Energy Gun 4 | 1 1 2 . . Energy Cannon 2 | . . . . 2 Ballistic Gun 9 | 1 3 3 1 1 Ballistic Cannon 2 | . . . . 2 Launcher . | . . . . . Special Weapon . | . . . . . Impact Weapon . | . . . . . Slashing Weapon . | . . . . . Piercing Weapon . | . . . . . Special Melee Weapon . | . . . . . Unidentified Prototypes 1 | . . . . 1 Parts Lost 18 | . . 2 1 15 Power 1 | . . . . 1 Propulsion 8 | . . 2 . 6 Utility 5 | . . . 1 4 Weapon 4 | . . . . 4 Highest Loss Streak 13 | . . 2 1 13 To Critical Strikes . | . . . . . Average Slot Usage (%) 97 | . 99 98 100 92 Engine 10 | . 14 10 11 8 Leg 1 | . . 7 . . Wheel 27 | . 27 24 33 25 Device 21 | . 14 21 22 25 Storage 11 | . 14 11 11 9 Processor 1 | . . . . 3 Energy Gun 10 | . 13 11 11 8 Ballistic Gun 10 | . 13 11 11 8 Peak Build Rating 30 | 10 10 15 17 30 Average Rating 16 | 6 9 14 16 23 On Entrance 10 | . 9 10 15 17 Naked Turns . | . . . . . Heaviest Build 30 | 12 19 22 25 30 Greatest Support 48 | 20 20 48 48 44 Greatest Overweight (x) 3 | 1 3 1 . 3 Average Overweight (x) . | . . . . . Largest Inventory Capacity 10 | 8 10 10 10 10 Average Capacity 9 | 7 9 10 10 10 Most Carried 10 | 8 10 10 10 10 Average Carried 9 | 3 9 9 9 9 Final Capacity 10 | 8 10 10 10 10 Final Carried 10 | 8 10 10 10 4 Class Distribution -------------------- 66% | Scavenger-Mutant 25% | Mutant 7% | Commander-Mutant Dominant Class ---------------- Mutant | -10/Materials Scavenger-Mutant | -9/Materials Scavenger-Mutant | -9/Storage Scavenger-Mutant | -8/Materials Resources | -11 -10 -9 -9 -8 ----------- Run | Yrd Mat Mat Sto Mat Matter Collected 1059 | 286 137 208 162 266 Remotely . | . . . . . Salvage Created 2028 | 148 199 336 449 896 Parts 104 | 9 14 15 22 44 Haulers Intercepted 1 | . 1 . . . Recyclers Shooed 7 | . . 2 1 4 Parts Field Recycled . | . . . . . Retrieved Matter . | . . . . . Parts Self-Destructed . | . . . . . Prevented . | . . . . . Kills | -11 -10 -9 -9 -8 ------- Run | Yrd Mat Mat Sto Mat Combat Hostiles Destroyed 29 | . 5 3 5 16 Guns 26 | . 5 3 4 14 Cannons 2 | . . . . 2 AOE 1 | . . . 1 . Classes Destroyed 11 | 2 4 2 . 3 Worker 3 | . . 1 2 . Tunneler 2 | 2 . . . . Hauler 1 | . 1 . . . Recycler 7 | 1 . 2 1 3 Watcher 3 | . 2 . 1 . Swarmer 6 | . 3 . . 3 Grunt 11 | . 2 1 3 5 Duelist 1 | . . . . 1 Sentry 10 | . . 2 3 5 Hunter 1 | . . . . 1 Heavy 1 | . . . . 1 Best Kill Streak 7 | 2 3 2 5 7 Combat Bots Only 5 | . 2 1 3 5 Max Kills in Single Turn 3 | 1 1 1 3 1 Gunslinging . | . . . . . Exploded 1 | . . . 1 . Melee . | . . . . . Uniques/NPCs Destroyed . | . . . . . Combat | -11 -10 -9 -9 -8 -------- Run | Yrd Mat Mat Sto Mat Hostile Shots Fired 179 | . 36 22 19 102 Missed 46 | . 10 4 5 27 Damage Taken 2662 | . 243 240 241 1938 Core 762 | . 88 22 102 550 Absorbed by Shields . | . . . . . Regen/Repaired (Parts) 37 | . . 37 . . Core Remaining (%) 77 | 100 64 . 69 . Volleys Fired 152 | 6 27 27 29 63 Largest 2 | 2 2 2 2 2 Hottest 112 | 70 70 79 79 112 Shots Fired 289 | 12 54 54 58 111 Gun 261 | 12 54 54 58 83 Cannon 28 | . . . . 28 Launcher . | . . . . . Special . | . . . . . Kinetic 153 | 6 27 27 29 64 Thermal 136 | 6 27 27 29 47 Explosive . | . . . . . Electromagnetic . | . . . . . Robot Hit Streak 19 | 4 7 14 16 19 Robot Miss Streak 5 | 2 5 3 2 4 Penetration Max . | . . . . . Secondary Targets . | . . . . . Shots Hit Robots 183 | 6 30 33 34 80 Core Hits 81 | 4 14 11 17 35 Critical Kills . | . . . . . Critical Parts Destroyed . | . . . . . Critical Strikes 9 | 1 1 1 3 3 Burn 9 | 1 1 1 3 3 Melee Attacks . | . . . . . Impact . | . . . . . Slashing . | . . . . . Piercing . | . . . . . Sneak Attacks . | . . . . . Combat Hostiles . | . . . . . Follow-up Attacks . | . . . . . Damage Inflicted 3122 | 72 317 445 763 1525 Guns 2253 | 72 317 445 508 911 Cannons 614 | . . . . 614 Explosions 255 | . . . 255 . Melee . | . . . . . Ramming . | . . . . . Kinetic 1597 | 7 152 220 263 955 Thermal 1270 | 65 165 225 245 570 Explosive 255 | . . . 255 . Electromagnetic . | . . . . . Impact . | . . . . . Slashing . | . . . . . Piercing . | . . . . . Highest Corruption 2 | . . . . 2 Average Corruption 2 | . . . . 2 Corruption Purged . | . . . . . Corruption Blocked . | . . . . . Effects 1 | . . . . 1 Data Loss (minor) 1 | . . . . 1 Overload Shots . | . . . . . Overflow Damage 4 | . . . . 4 Projectiles 4 | . . . . 4 Explosions . | . . . . . Melee . | . . . . . Knockbacks 1 | . . . . 1 Impact . | . . . . . Kinetic 1 | . . . . 1 Secondary . | . . . . . Self-Inflicted Damage 59 | . . . 59 . Shots 1 | . . . 1 . Rammed . | . . . . . Targets Rammed . | . . . . . Kicked . | . . . . . Crushed . | . . . . . Highest Temperature 201 | 40 201 109 106 127 Average Temperature 42 | 23 77 32 33 22 Received Heat Transfer 660 | . 60 93 93 414 Siege Activations . | . . . . . Robots Corrupted . | . . . . . Combat Hostiles . | . . . . . Parts Fried . | . . . . . Impact Corruptions . | . . . . . Robots Melted . | . . . . . Combat Hostiles . | . . . . . Parts Melted 9 | . 1 1 3 4 Heat Transferred 3959 | 259 555 666 851 1628 Parts Sabotaged . | . . . . . Parts Stolen . | . . . . . Parts Stripped . | . . . . . Power Chain Reactions . | . . . . . Alert | -11 -10 -9 -9 -8 ------- Run | Yrd Mat Mat Sto Mat Peak Influence 452 | 15 197 143 336 452 Initial 141 | . 9 18 1 141 Average 136 | 7 79 68 167 212 Maximum Alert Level 2 | . . . 1 2 Low Security (%) 77 | 100 100 100 65 53 Level 1 21 | . . . 34 42 Level 2 1 | . . . . 3 Level 3 . | . . . . . Level 4 . | . . . . . Level 5 . | . . . . . High Security . | . . . . . Max Security . | . . . . . Squads Dispatched 6 | . . 1 3 2 Investigation 1 | . . . 1 . Extermination . | . . . . . Reinforcement 5 | . . 1 2 2 Assault . | . . . . . Garrison . | . . . . . Intercept . | . . . . . Searches Triggered . | . . . . . Construction Impeded . | . . . . . Haulers Reinforced . | . . . . . Active Scanning Responses . | . . . . . Cargo Convoy Interrupts . | . . . . . Stealth | -11 -10 -9 -9 -8 --------- Run | Yrd Mat Mat Sto Mat Distress Signals 7 | . 1 . 2 4 Communications Jammed . | . . . . . Distress Signals . | . . . . . Times Spotted 52 | . 10 5 13 24 Peak Tracking Total 7 | . 3 1 3 7 Tactical Retreats 4 | . 2 . . 2 Traps | -11 -10 -9 -9 -8 ------- Run | Yrd Mat Mat Sto Mat Traps Triggered 4 | . 2 . 2 . Indirectly . | . . . . . Trap Hack Attempts . | . . . . . Triggered . | . . . . . Disarmed . | . . . . . Reprogrammed . | . . . . . Reused . | . . . . . Traps Extracted . | . . . . . Installed . | . . . . . Triggered . | . . . . . Machines | -11 -10 -9 -9 -8 ---------- Run | Yrd Mat Mat Sto Mat Machines Disabled 2 | . . . 2 . Max in Single Turn 2 | . . . 2 . Machines Repaired . | . . . . . Machines Dismantled . | . . . . . Machines Sabotaged . | . . . . . Overloaded Fab Kills . | . . . . . Hacking | -11 -10 -9 -9 -8 --------- Run | Yrd Mat Mat Sto Mat Machines Accessed 13 | . 3 1 8 1 Terminals 11 | . 3 . 7 1 Fabricators . | . . . . . Repair Stations 2 | . . 1 1 . Recycling Units . | . . . . . Scanalyzers . | . . . . . Garrison Access . | . . . . . Total Hacks 37 | . 10 3 22 2 Successful 15 | . 5 2 8 . Failed 22 | . 5 1 14 2 Catastrophic 6 | . 1 . 5 . Database Lockouts . | . . . . . Manual 6 | . 3 . 3 . Terminals 32 | . 10 . 20 2 Fabricators . | . . . . . Repair Stations 5 | . . 3 2 . Recycling Units . | . . . . . Scanalyzers . | . . . . . Garrison Access . | . . . . . Terminal Hacks 12 | . 5 . 7 . Open Door 2 | . . . 2 . Emergency Access Points 3 | . 2 . 1 . Alert Level 1 | . 1 . . . Locate Traps 1 | . . . 1 . Registered Prototypes 1 | . 1 . . . Zone Layout 4 | . 1 . 3 . Fabricator Hacks . | . . . . . Repair Station Hacks 3 | . . 2 1 . Scan Component 2 | . . 1 1 . Repair 1 | . . 1 . . Recycling Unit Hacks . | . . . . . Scanalyzer . | . . . . . Garrison Access Hacks . | . . . . . Unauthorized Hacks . | . . . . . Terminals . | . . . . . Fabricators . | . . . . . Repair Stations . | . . . . . Recycling Units . | . . . . . Scanalyzers . | . . . . . Garrison Access . | . . . . . Data Cores Recovered . | . . . . . Used . | . . . . . Hacking Detections 12 | . 3 1 7 1 Full Trace Events 1 | . 1 . . . Feedback Events . | . . . . . Feedback Blocked . | . . . . . Robot Schematics Acquired . | . . . . . Robots Built . | . . . . . Authchips . | . . . . . Time . | . . . . . Total Robot Build Rating . | . . . . . Part Schematics Acquired . | . . . . . Parts Built . | . . . . . Authchips . | . . . . . Time . | . . . . . Total Part Build Rating . | . . . . . Parts Repaired 1 | . . 1 . . Time 26 | . . 26 . . Parts Recycled . | . . . . . Recycled Matter . | . . . . . Retrieved Matter . | . . . . . Retrieved Components . | . . . . . Parts Scanalyzed . | . . . . . Part Schematics Acquired . | . . . . . Parts Damaged . | . . . . . Bothacking | -11 -10 -9 -9 -8 ------------ Run | Yrd Mat Mat Sto Mat Used RIF Installer . | . . . . . Robots Hacked . | . . . . . Non-combat . | . . . . . Combat . | . . . . . Robot Hacks Applied . | . . . . . Relay Couplers Released . | . . . . . Fabnet Peak Effective % . | . . . . . Robots Rewired 1 | . . . 1 . Allies Hacked . | . . . . . Hacks Repelled . | . . . . . Allies | -11 -10 -9 -9 -8 -------- Run | Yrd Mat Mat Sto Mat Total Allies 10 | . . . 10 . Largest Group 10 | . . . 10 1 Highest-Rated Group 88 | . . . 88 8 Highest-Rated Ally 16 | . . . 16 8 Total Orders . | . . . . . Ally Attacks 84 | . . . 81 3 Total Damage 793 | . . . 760 33 Kills 12 | . . . 12 . Allies Corrupted . | . . . . . Allies Melted . | . . . . . Intel | -11 -10 -9 -9 -8 ------- Run | Yrd Mat Mat Sto Mat Robot Analysis Total . | . . . . . Derelict Logs Recovered . | . . . . . Drone Launches . | . . . . . Drone Recoveries . | . . . . . Exploration | -11 -10 -9 -9 -8 ------------- Run | Yrd Mat Mat Sto Mat Turns Passed 2528 | 87 501 527 704 709 Spaces Moved 2014 | 63 485 361 593 512 Core 6 | 3 2 . . 1 Treads . | . . . . . Legs 2 | . . 2 . . Wheels 2006 | 60 483 359 593 511 Hover . | . . . . . Flight . | . . . . . Fastest Speed 50 | 50 80 80 93 90 Average Speed 89 | 79 80 90 93 93 Slowest Speed 200 | 100 200 190 93 200 Overloaded Moves . | . . . . . Propulsion Burnouts . | . . . . . Robots Hopped . | . . . . . Cave-ins Triggered 1 | . . . . 1 Exploration Rate (%) 41 | 4 70 27 61 44 Regions Visited 4 Branch Regions 1 Pre-discovered Areas . | . . . . . Known Exits Taken . | . . . . . Unknown Exits Taken 4 | 1 1 1 1 . Scrap Searched . | . . . . . Spaces Dug . | . . . . . Terrain Destroyed 21 | . . . 20 1 Melee . | . . . . . Projectile 1 | . . . . 1 AOE 20 | . . . 20 . Terrain Rammed . | . . . . . Walls Destroyed . | . . . . . Machines Disabled . | . . . . . Actions | -11 -10 -9 -9 -8 --------- Run | Yrd Mat Mat Sto Mat Total 2497 | 91 548 511 693 654 Wait 190 | . 11 98 44 37 Move 2010 | 62 484 360 592 512 Hop . | . . . . . Pick Up 30 | 11 5 4 3 7 Fast Attach 22 | 7 5 3 1 6 Attach 12 | . 1 3 . 8 Detach 1 | . . . . 1 Swap 27 | 1 6 7 7 6 Drop 46 | 4 9 9 10 14 Fire 152 | 6 27 27 29 63 Melee . | . . . . . Ram . | . . . . . Kick . | . . . . . Crush . | . . . . . Escape Stasis 4 | . . . 4 . Rewire 3 | . . . 3 . Trap . | . . . . . Miscellaneous . | . . . . . Route ------- -11/Scrapyard -10/Materials (discovered 3 exits: *Mat x2 / [*Min]) -9/Materials -9/Storage -8/Materials History --------- Turn | Location | Event 21 | -11/Scrapyard | Discovered new exit (range 14) 88 | -11/Scrapyard | Entered Materials 310 | -10/Materials | Build established: Mutant 344 | -10/Materials | Discovered new exit (range 8) 403 | -10/Materials | Discovered new exit (range 8) 585 | -10/Materials | Discovered new exit (range 5) 589 | -10/Materials | Entered another Materials area 589 | -9/Materials | Evolved 2 slots: Propulsion x1, Utility x1 848 | -9/Materials | Repaired Ion Engine 888 | -9/Materials | Build established: Scavenger-Mutant 1098 | -9/Materials | Discovered new exit (range 5) 1116 | -9/Materials | Entered Storage 1297 | -9/Storage | Assisted by bots powering up and referring to "LRC-V3" 1578 | -9/Storage | Lost 6 allies 1623 | -9/Storage | Discovered new exit (range 14) 1820 | -9/Storage | Entered Materials 1820 | -8/Materials | Accompanied by 1 ally 1820 | -8/Materials | Evolved 2 slots: Utility x2 2498 | -8/Materials | Core integrity fell below 50% 2509 | -8/Materials | Crushed by falling debris 2509 | -8/Materials | Core integrity fell below 20% 2529 | -8/Materials | Destroyed by G-47 Trooper with Particle Gun Last Messages --------------- 02490_ H-61 Shepherd heat damages Hrd. Heavy Armor Plating. 02497_ Com. Wheel destroyed. 02497_ Knocked back. 02498_ Acquired 2 matter. 02504_ H-61 Shepherd destroyed. 02507_ G-47 Trooper knocked back. 02509_ The unstable cave ceiling collapses. 02509_ Crushed by falling debris. 02509_ Assault Cannon destroyed. 02509_ System corrupted by crushing effect (+2). 02509_ M-28 Smith repairs Imp. Heat Sink. 02512_ G-47 Trooper destroyed. 02518_ Imp. Ion Engine destroyed. 02518_ Destroyed Lgt. Nuclear Core. 02520_ Assault Cannon destroyed. 02522_ Acquired Particle Cannon. 02523_ M-28 Smith fits Backup Power III on G-47 Trooper. 02524_ System corrupted: Component data lost. Map ----- +----------------------------------------------------+ | ??????????????????????????? | | ??????????????????????????? | | ??????????????????????????? | | ??????????????????????????? | | ??????????????????????????? | | ??????????????????????????? | | ??????????????????????????? | | ??????????????????????????? | | ??????????????????????????? | | ??????????????????????????? | | ??????????????????????????? | | ??????????????????????????? | | ?????????????? ???????????? | | ????????????+ ???????????? | | ????????????# ??????????? | | ????????????# ??????????? | | ????????????# ??????????? | | ????????????# ??????????? | | ??????????### ??????????? | | ??????????? # ??????????? | | ???????????? ??????????? | | ????????????# ########### | | ????????????# ##%T # | | ???????????## % #;!* % ; | | ????######## % ;%%%% %# | | ????# #[% % @# | | ????# =[m%*g # | | ????# *#%""" % # | | ????# #### #%""" ; | | ???????????## ## """ ; | | ????????????# ## # | | ????????????# ##### ##### | | ????????????# #???###???? | | ????????????# #?????????? | | ????? #???# #?????????? | | ????? #???# ########??? | | ????? #???# #! #??? | | ????? #???# # #??? | | ##### #???# =%#! "" #??? | | """ # #???#=!=+%[ #??? | | "Y" # #???#[! #! """ #??? | | # #???#=% # #??? | | [ # #???#%* ########??? | | # #???#*###?????????? | | # #???#!#???????????? | | #/### #???# #???????????? | | #???# #???????????? | | #???# #???????????? | | #???# #???????????? | | ##### #???# #???????????? | +----------------------------------------------------+ Best States ------------- Heat Dissipation 126 Energy Generation 12 Energy Capacity 265 Matter Stores 300 Matter Capacity 300 Sight Range 16 Terrain Scan Range 16 Terrain Scan Density 10 Additional Mass Support 6 Armor Coverage 150 Evasion (%) 44 Targeting Accuracy 6 Item Schematics ----------------- None Robot Schematics ------------------ None Fabricated ------------ Nothing Alien Tech Used ----------------- None Achievements -------------- None Challenges ------------ None Game ------ Seed SwordCargoInitializer Manual? 0 Play Time 00:34:03 Cumulative 129.4 hours Start 2024.10.31 @ 21:57:12 End 2024.10.31 @ 22:35:37 Sessions 1 Manual Loads 0 Difficulty Rogue Special Mode None Game No. 67 Rogue 57 Adventurer 10 Explorer 0 Win Type - Total 1 Types 0/0/1/0/0/0/0/0/0 Lore% 28 Gallery% 48 Achievement% 41 Wizard Run 0 Options --------- Layout 1 ASCII 0 Keyboard 0 Movement Arrows Keybinds 0 Fullscreen 2 Font 32/SmallcapsGlow Map View 50x35 Zoom Use 0% Tactical HUD 1 Map Filters NONE Filters NONE Steam 0 RUN: 54e2b8b0-369b-46f6-9b63-43b74b95db60